 Dungeon Crawl Stone Soup version 0.24.0-123-gd5b16e6ec5 (webtiles) character file.

Game seed: 3177899538925257719, levelgen mode: deterministic

218 Curus the Cudgeler (level 5, 0/45 HPs)
             Began as a Minotaur Monk on Dec 20, 2019.
             Slain by an orc priest
             ... wielding a +0 dagger
              (3 damage)
             ... on level 3 of the Dungeon.
             The game lasted 00:05:26 (1894 turns).

Curus the Cudgeler (Minotaur Monk)                  Turns: 1894, Time: 00:05:27

Health: 0/45       AC:  6    Str: 13 (15) XL:     5   Next: 63%
Magic:  4/4        EV: 10    Int:  7      God:
Gold:   157        SH:  0    Dex: 14      Spells: 4/4 levels left

rFire    . . .     SeeInvis .   a - +0 mace
rCold    . . .     Gourm    .   (no shield)
rNeg     . . .     Faith    .   e - +0 scale mail
rPois    .         Spirit   .   (helmet restricted)
rElec    .         Reflect  .   (no cloak)
rCorr    .         Harm     .   (no gloves)
MR       .....                  (no boots)
Stlth    ..........             (no amulet)
HPRegen  0.15/turn              (no ring)
MPRegen  0.09/turn              (no ring)

@: no status effects
A: retaliatory headbutt, horns 2
a: no special abilities


You were on level 3 of the Dungeon.
You were not hungry.

You visited 1 branch of the dungeon, and saw 3 of its levels.

You collected 157 gold pieces.

Inventory:

Hand Weapons
 a - a +0 mace (weapon)
Armour
 b - a +0 robe
 e - a +0 scale mail (worn)
Scrolls
 f - 3 scrolls of identify
 g - a scroll of magic mapping
Potions
 d - 2 potions of curing
Comestibles
 c - 4 rations


   Skills:
 - Level 3.6 Fighting
 + Level 7.7 Maces & Flails
 - Level 3.2 Dodging
 - Level 1.5 Stealth


You had 4 spell levels left.
You didn't know any spells.
Your spell library was empty.

Dungeon Overview and Level Annotations

Branches:
Dungeon (3/15)

Altars:


Innate Abilities, Weirdness & Mutations

You reflexively headbutt those who attack you in melee.
You have a pair of horns on your head.


Message History

The orc priest is severely wounded.
The orc barely misses you. The goblin hits you but does no damage.
The orc priest hits you with a +0 dagger.
You hit the orc priest.
You headbutt the orc priest, but do no damage.
The orc priest is almost dead.
The orc misses you. The goblin hits you but does no damage.
The orc priest invokes the aid of Beogh against you.
Pain shoots through your body!
* * * LOW HITPOINT WARNING * * *
You hit the orc priest but do no damage.
You headbutt the orc priest.
The orc priest is almost dead.
The orc hits you but does no damage. The goblin hits you but does no damage.
The orc priest hits you but does no damage.
You hit the orc priest but do no damage.
The orc priest is almost dead.
The orc closely misses you.
The orc priest hits you with a +0 dagger.
You die...

)......##..........#
†).....##......†...###
.......##............#
.......##..[...†.....#
.......##............#
..##'#..#....!.......####
............###.........#
....##......# #.).......#
....##......# #.@g......#
....##......# #.oo......#
.... #......# #.........#
.... #...>..# #.........#
#......# #.........#
#......# #.........#
#.........# #.........


You could see an orc priest, an orc and a goblin.

Vanquished Creatures
  An orc priest (D:3)
  2 orc wizards (D:3)
  A gnoll (D:1)
  5 adders
  3 worms
  2 dart slugs (D:2)
  5 orcs (D:3)
  8 bats
  2 giant cockroaches
  7 hobgoblins
  4 jackals
  2 quokkas
  3 ball pythons
  2 frilled lizards
  6 goblins
  4 kobolds
  8 rats
65 creatures vanquished.

Notes
Turn   | Place    | Note
-------+----------+-------------------------------------------
     0 | D:1      | Curus the Minotaur Monk began the quest for the Orb.
     0 | D:1      | Reached XP level 1. HP: 19/19 MP: 0/0
   123 | D:1      | Reached skill level 4 in Maces & Flails
   127 | D:1      | Reached XP level 2. HP: 12/26 MP: 1/1
   832 | D:2      | Reached skill level 5 in Maces & Flails
   847 | D:2      | Reached XP level 3. HP: 31/31 MP: 2/2
  1056 | D:2      | Reached skill level 6 in Maces & Flails
  1056 | D:2      | Reached XP level 4. HP: 20/39 MP: 3/3
  1806 | D:3      | Reached skill level 7 in Maces & Flails
  1806 | D:3      | Reached XP level 5. HP: 32/45 MP: 4/4
  1894 | D:3      | Slain by an orc priest

Levels and vault maps discovered:
D:1:      psy_arrival_radial02, layout_loops_ring
D:2:      layout_basic
D:3:      layout_basic, old_standard_altar, uniq_grinder

Skill      XL: |  1  2  3  4 |
---------------+-------------+-----
Maces & Flails | 4 5 6 7 |  7.7
Fighting       | |  3.6
Dodging        | |  3.2
Stealth        | |  1.5

Action                   |  1- 3 |  4- 6 || total
-------------------------+-------+-------++-------
Melee: Mace              |    83 |    75 ||   158
       Headbutt          |    12 |    21 ||    33
  Use: Scroll            |     7 |       ||     7
       Potion            |     3 |     2 ||     5
 Stab: Sleeping          |     1 |       ||     1
  Eat: Chunk             |       |     3 ||     3
Armor: Robe              |     2 |       ||     2
       Scale mail        |    27 |    29 ||    56
Dodge: Dodged            |    39 |    56 ||    95
